 Dungeon Crawl Stone Soup version 0.29.1-15-g9cfb28693d (webtiles) character file.

Game seed: 17805208196376928077

294 javelincjr the Magician (level 6, -1/47 HPs)
             Began as a Djinni Conjurer on Mar 15, 2023.
             Slain by an orc priest
             ... wielding a +2 mace of holy wrath
              (3 damage)
             ... on level 3 of the Dungeon.
             The game lasted 00:06:40 (3904 turns).

javelincjr the Magician (Djinni Conjurer)           Turns: 3904, Time: 00:06:41

Health: -1/47      AC:  2    Str:  8    XL:     6   Next: 60%
Gold:   104        EV: 13    Int: 20    God:
                   SH:  0    Dex: 11

rFire   + + .      SeeInvis .   q - -2 sling (flame)
rCold   x . .      Faith    .   (no shield)
rNeg    . . .      Spirit   .   a - +0 robe
rPois   ∞          Reflect  .   (no helmet)
rElec   .          Harm     .   (no cloak)
rCorr   .          Rampage  .   (no gloves)
Will    .....                   (boots unavailable)
Stlth   ++........              (no amulet)
HPRegen 0.15/turn               (no ring)
MPRegen 0.00/turn               (no ring)

@: flying
A: sickness immunity, fire resistance 2, cold vulnerability 1, float, innate
caster, HP casting, extra vitality 1
a: no special abilities


You were on level 3 of the Dungeon.
You visited 1 branch of the dungeon, and saw 3 of its levels.

You collected 104 gold pieces.

Inventory:

Hand Weapons
 q - a -2 sling of flaming (weapon)
Armour
 a - a +0 robe (worn)
 g - a +2 chain mail of poison resistance
Scrolls
 c - 2 scrolls of teleportation {unknown}
 f - 3 scrolls of identify {unknown}
 j - a scroll of immolation {unknown}
 m - a scroll of vulnerability {unknown}
 o - a scroll of enchant weapon {unknown}
 p - a scroll of fog {unknown}
Potions
 b - 5 potions of resistance {unknown}
 d - 2 potions of brilliance {unknown}
 e - a potion of might {unknown}
 h - 3 potions of invisibility {unknown}
 i - a potion of haste {unknown}
 k - 2 potions of magic {unknown}
 l - 2 potions of mutation {unknown}
 n - 2 potions of curing {unknown}
 r - a potion of flight {unknown}


   Skills:
 * Level 3.8 Fighting
 + Level 4.0 Dodging
 - Level 2.0 Stealth
 + Level 4.1 Spellcasting


You couldn't memorise any spells.
You knew the following spells:

 Your Spells              Type           Power      Damage    Failure   Level
a - Magic Dart            Conj           80%        1d7       2%          1
b - Searing Ray           Conj           40%        2d5       3%          2
c - Dazzling Flash        Conj/Hex       40%        N/A       7%          3
d - Fulminant Prism       Conj/Hex       10%        3d9       24%         4
e - Iskenderun's Mystic   Conj/Tloc      20%        2d6       24%         4
f - Summon Small Mammal   Summ           80%        N/A       2%          1
g - Scorch                Fire           40%        2d7       3%          2
Your spell library was empty.

Dungeon Overview and Level Annotations

Branches:
Dungeon (3/15)

Altars:


Innate Abilities, Weirdness & Mutations

You are immune to sickness and miasma.
You are immune to poison.
Your flesh is very heat resistant. (rF++)
You are vulnerable to cold. (rC-)
You float through the air rather than walking.
You learn spells naturally, not from books.
Your magical power is your life essence.
You have superior vitality. (+4 MHP)


Message History

The orc priest's fire resistance burns away.
Casting: Scorch (safe; 3% risk of failure)
Confirm with . or Enter, or press ? or * to list all spells.
Flames lash the orc priest.
The orc priest is burned terribly!
The orc priest is severely wounded.
The orc priest closely misses you.
You shoot a sling bullet.
The sling bullet barely misses the orc priest.
The orc priest hits you with a +2 mace of holy wrath!
The orc priest hits you with a +0 short sword.
You are too injured to fight recklessly!
Unknown command.
Fire: q) -2 sling (flame)
Press: ? - help, Q - select action, (/) - cycle Shift-Dir - straight line, f/p - orc priest
Aim: an orc priest, wielding a +0 short sword and wearing a +0 leather armour (severely wounded, more vulnerable to fire, 47% to hit)
You shoot a sling bullet. The sling bullet hits the orc priest.
The sling bullet burns the orc priest.
You kill the orc priest!
The orc priest hits you with a +2 mace of holy wrath.
* * * LOW HITPOINT WARNING * * *
A worm comes into view.
The orc priest closely misses you.
Your Dodging skill increases to level 4!
Casting: Scorch (safe; 3% risk of failure)
Confirm with . or Enter, or press ? or * to list all spells.
Flames lash the orc priest.
The orc priest is heavily wounded.
The orc priest's fire resistance burns away.
* * * LOW HITPOINT WARNING * * *
The orc priest mumbles some strange prayers to Beogh against you.
Pain shoots through your body!
* * * LOW HITPOINT WARNING * * *
Fire: q) -2 sling (flame)
Press: ? - help, Q - select action, (/) - cycle Shift-Dir - straight line, f - orc priest
Aim: an orc priest, wielding a +2 mace of holy wrath (heavily wounded, more vulnerable to fire, 47% to hit)
You shoot a sling bullet. The sling bullet hits the orc priest.
The sling bullet burns the orc priest.
The orc priest is almost dead.
The orc priest hits you with a +2 mace of holy wrath.
You die...

#. #..........##
#....#..........##
#....#..........##
#:...#...........#
#....#............
#....#..........#.
..
#....#############
....###....#
....w.)@...#
...)###o...# .
#....# #....# #
###'## #
#.##############
#...............
#.##############
#........#.# #


You could see a worm and an orc priest (combustible).

Vanquished Creatures
  Sigmund (D:3)
  An orc priest (D:3)
  An orc wizard (D:3)
  2 adders (D:2)
  2 dart slugs
  3 orcs (D:3)
  3 endoplasms
  5 giant cockroaches
  7 goblins
  6 hobgoblins
  A jackal (D:2)
  3 quokkas
  10 ball pythons
  3 bats
  2 frilled lizards
  10 kobolds
  5 rats
65 creatures vanquished.

Notes
Turn   | Place    | Note
-------+----------+-------------------------------------------
     0 | D:1      | javelincjr the Djinni Conjurer began the quest for the Orb.
     0 | D:1      | javelincjr set off with the following spells memorised:
                  | Magic Dart, Searing Ray, Dazzling Flash, Fulminant Prism,
                  | Iskenderun's Mystic Blast.
     0 | D:1      | Reached XP level 1. HP: 15/15 MP: 0/0
   305 | D:1      | Reached XP level 2. HP: 15/21 MP: 0/0
   886 | D:1      | Reached XP level 3. HP: 25/26 MP: 0/0
   886 | D:1      | Learned a level 1 spell: Summon Small Mammal
  1360 | D:1      | Reached skill level 1 in Fighting
  2304 | D:2      | Reached XP level 4. HP: 29/33 MP: 0/0
  3188 | D:3      | Reached XP level 5. HP: 22/38 MP: 0/0
  3188 | D:3      | Learned a level 2 spell: Scorch
  3532 | D:3      | Noticed Sigmund
  3540 | D:3      | Killed Sigmund
  3541 | D:3      | Reached XP level 6. HP: 37/46 MP: 0/0
  3710 | D:3      | Found a faded altar of an unknown god.
  3903 | D:3      | HP: 1/47 [orc priest/nerve-wracking pain (8)]
  3904 | D:3      | Slain by an orc priest

Illustrated notes

Levels and vault maps discovered:
D:1:      dpeg_arrival_circle_labyrinth_c, layout_basic
D:2:      layout_basic, minmay_pentomino_r4
D:3:      layout_basic, ebering_ecumenical_altar_rust, uniq_sigmund

Skill      XL: |  1  2  3  4  5  6 |
---------------+-------------------+-----
Stealth        | 2 |  2.0
Fighting       | 1 2 3 |  3.8
Dodging        | 3 4 |  4.0
Spellcasting   | 4 |  4.1

Action                   |  1- 3 |  4- 6 || total
-------------------------+-------+-------++-------
 Fire: Sling             |       |    10 ||    10
 Cast: Magic Dart        |    73 |    40 ||   113
       Searing Ray       |     1 |     4 ||     5
       Scorch            |       |    11 ||    11
       Summon Small Mamm |       |     2 ||     2
Armor: Robe              |       |     2 ||     2
Dodge: Dodged            |     3 |     7 ||    10
